 Dungeon Crawl Stone Soup version 0.28.0-53-g5a82cb258f (webtiles) character file.

Game seed: 16275830252268307038

183 quixfox the Skirmisher (level 5, -8/34 HPs)
             Began as a Gargoyle Fighter on July 17, 2022.
             Mangled by an iguana (11 damage)
             ... on level 4 of the Dungeon.
             The game lasted 00:05:28 (2822 turns).

quixfox the Skirmisher (Gargoyle Fighter)           Turns: 2822, Time: 00:05:29

Health: -8/34      AC: 12    Str: 21    XL:     5   Next: 62%
Magic:  5/5        EV:  9    Int:  9    God:
Gold:   217        SH:  5    Dex: 15    Spells: 4/4 levels left

rFire   . . .      SeeInvis .   a - +0 flail
rCold   . . .      Faith    .   c - +0 buckler
rNeg    + . .      Spirit   .   b - +0 scale mail
rPois   ∞          Reflect  .   (no helmet)
rElec   +          Harm     .   (no cloak)
rCorr   .          Rampage  .   h - +0 pair of gloves
Will    +....                   (no boots)
Stlth   ..........              (no amulet)
HPRegen 0.11/turn               k - ring of willpower
MPRegen 0.09/turn               n - +6 ring of dexterity

@: no status effects
A: sickness immunity, AC +4, negative energy resistance 1, electricity
resistance, torment resistance 1, petrification resistance
a: no special abilities


You were on level 4 of the Dungeon.
You visited 1 branch of the dungeon, and saw 5 of its levels.

You collected 217 gold pieces.

Inventory:

Hand Weapons
 a - a +0 flail (weapon)
Armour
 b - a +0 scale mail (worn)
 c - a +0 buckler (worn)
 h - a +0 pair of gloves (worn)
Jewellery
 k - a ring of willpower (left hand)
 n - a +6 ring of dexterity (right hand)
Wands
 t - a wand of iceblast (4) (quivered)
Scrolls
 f - a scroll of teleportation
 g - a scroll of noise {unknown}
 l - a scroll of enchant armour {unknown}
 m - a scroll of acquirement {unknown}
 q - 2 scrolls of blinking {unknown}
 r - 2 scrolls of immolation {unknown}
 s - 2 scrolls of identify {unknown}
 u - a scroll of holy word {unknown}
Potions
 d - a potion of might
 e - 2 potions of flight {unknown}
 i - a potion of lignification {unknown}
 j - 2 potions of attraction {unknown}
 o - a potion of haste {unknown}
 p - 3 potions of degeneration {unknown}
 v - a potion of brilliance {unknown}


   Skills:
 + Level 4.4 Fighting
 * Level 4.2 Maces & Flails
 + Level 4.3 Armour
 - Level 3.2 Shields


You had 4 spell levels left.
You didn't know any spells.
Your spell library contained the following spells:

 Spells                   Type           Power      Damage    Failure   Level
 Animate Skeleton         Necr           0%         N/A       80%         1
 Apportation              Tloc           0%         N/A       80%         1
 Dazzling Flash           Conj/Hex       0%         N/A       99%         3
 Summon Guardian Golem    Hex/Summ       0%         N/A       99%         3
 Anguish                  Hex/Necr       0%         N/A       100%        4
 Iskenderun's Mystic Bla  Conj/Tloc      0%         2d3       100%        4
 Alistair's Intoxication  Tmut/Pois      0%         N/A       100%        5
 Starburst                Conj/Fire      0%         6d3       100%        6
 Haunt                    Necr/Summ      0%         N/A       100%        7


Dungeon Overview and Level Annotations

Branches:
Dungeon (5/15)
 Temple: D:4-7

Altars:
Dithmenos
Qazlal
Trog

Annotations:
D:3 2 runed translucent doors, Valamore's ghost, amateur DEFE


Innate Abilities, Weirdness & Mutations

You are immune to sickness and miasma.
Your stone body is resilient. (AC +4)
You are immune to poison.
You resist negative energy. (rN+)
You are resistant to electric shocks. (rElec)
You are resistant to unholy torment.
You are immune to petrification.


Message History

Unknown command.
As you read the scroll labelled ESIATZOAPA, it crumbles to dust.
You feel strangely unstable.
It was a scroll of teleportation.
The orc priest looks encouraged for a moment.
The orc priest begins to cast a cantrip, but forgets the words!
Your surroundings suddenly seem different.
Found 8 gold pieces, 4 javelins and a fuming dark potion.
An orc comes into view. It is wielding a +0 hand axe.
A hobgoblin comes into view.
An orc comes into view. It is wielding a +0 falchion.
Found a scroll labelled ECIVVATICS.
The orc shouts! x2; You hear a shout! x3
Found a stone staircase leading down.
Found a scroll labelled QEENANNO GEFIRPH.
You see here a fuming dark potion.
There is a stone staircase leading down here.
You climb downwards.
You hear the hiss of flowing sand.
There is an entrance to an ossuary on this level.
Hurry and find it before the portal is buried!
The black bear growls angrily.
The adder hisses angrily.
There is a stone staircase leading up here.
The iguana bites you.
* * * LOW HITPOINT WARNING * * *
You climb upwards.
You block the orc's attack. The orc barely misses you.
There is a stone staircase leading down here.
The iguana bites you.
* * * LOW HITPOINT WARNING * * *
Okay, then.
You barely miss the orc. The orc hits you but does no damage.
You barely miss the orc. You block the orc's attack.
You sock the orc!
You kill the orc!
You barely miss the iguana.
The iguana bites you but does no damage.
You sock the iguana!
The iguana is severely wounded.
The iguana bites you.
* * * LOW HITPOINT WARNING * * *
The iguana bites you!
You die...

o....###
#.###.####..
..####
#.......?....
###
####.##.###....
# #.........# ..
#.###.(...# .. #
#.....###..#
#.#..!.....#
...##..####?####
#.. #.ol@.......
#.. ##g####.####
#. #.# #. ..#
...# ....#
.....# #.....#


You could see an iguana, an orc and a hobgoblin.

Vanquished Creatures
  An ogre (D:4)
  3 adders
  2 worms (D:2)
  8 dart slugs
  3 orcs
  4 endoplasms
  A giant cockroach (D:3)
  2 goblins (D:3)
  4 hobgoblins
  4 quokkas
  6 ball pythons
  7 bats
  2 frilled lizards
  5 kobolds
  5 rats
57 creatures vanquished.

Notes
Turn   | Place    | Note
-------+----------+-------------------------------------------
     0 | D:1      | quixfox the Gargoyle Fighter began the quest for the Orb.
     0 | D:1      | Reached XP level 1. HP: 14/14 MP: 1/1
    53 | D:1      | Reached XP level 2. HP: 17/19 MP: 2/2
   747 | D:1      | Reached XP level 3. HP: 23/23 MP: 3/3
   826 | D:1      | Found a faded altar of an unknown god.
  1436 | D:2      | Reached XP level 4. HP: 21/29 MP: 4/4
  2020 | D:3      | Found a shadowy altar of Dithmenos.
  2059 | D:3      | Found a runed translucent door.
  2061 | D:3      | Noticed a bullfrog
  2062 | D:3      | Noticed Valamore's ghost (amateur DEFE)
  2315 | D:3      | Found a bloodstained altar of Trog.
  2330 | D:3      | Got the Incunabulum of Summoning and Darkness
  2354 | D:3      | Found a stormy altar of Qazlal.
  2379 | D:3      | Found a runed translucent door.
  2664 | D:4      | Noticed an ogre
  2666 | D:4      | Killed an ogre
  2667 | D:4      | Reached XP level 5. HP: 34/34 MP: 5/5
  2781 | D:4      | Noticed a black bear
  2813 | D:5      | Entered Level 5 of the Dungeon
  2813 | D:5      | Noticed a black bear
  2822 | D:4      | Mangled by an iguana

Illustrated notes

Levels and vault maps discovered:
D:1:      lemuel_arrival_funnel, layout_loops_ring,
          hellmonk_ecumenical_altar_lost_god
D:2:      kennysheep_big_flooded_room, layout_basic, corexii_corridor_pit,
          minmay_misc_feat_x
D:3:      layout_loops_ring, nicolae_overflow_crystal_walls,
          nicolae_qazlal_scattered_showers, grunt_dithmenos_smoke,
          ebering_ghost_sewer_f, hangedman_abyss_or_decor_lesser_grid
D:4:      layout_basic, serial_curves, eino_curves_02, eino_curves_04,
          eino_curves_04, moated_statue
D:5:      layout_cave_pools, enter_ossuary_2, serial_shops, nicolae_shop_trees,
          minmay_chambers_of_fives, uniq_duvessa

Skill      XL: |  1  2  3  4 |
---------------+-------------+-----
Maces & Flails | 3 4 |  4.2
Fighting       | 4 |  4.4
Armour         | 4 |  4.3
Shields        | |  3.2

Action                   |  1- 3 |  4- 6 || total
-------------------------+-------+-------++-------
Melee: Flail             |   113 |    74 ||   187
Evoke: Wand              |       |     2 ||     2
  Use: Scroll            |       |     1 ||     1
Armor: Scale mail        |    72 |    32 ||   104
Dodge: Dodged            |    63 |    25 ||    88
Block: Buckler           |    33 |    17 ||    50
